 Dungeon Crawl Stone Soup version 0.30.1-3-gfc49f6343a (webtiles) character file.

Game seed: 1083427129426547040

13853 shmup the Arsonist (level 12, -1/69 HPs)
             Began as a Tengu Fire Elementalist on July 23, 2023.
             Was a Priest of Makhleb.
             Slain by a boulder beetle (43 damage)
             ... on level 11 of the Dungeon.
             The game lasted 01:00:56 (16504 turns).

shmup the Arsonist (Tengu Fire Elementalist)       Turns: 16504, Time: 01:00:57

Health: -1/69      AC:  9    Str:  8    XL:     12   Next: 10%
Magic:  2/16       EV: 18    Int: 21    God:    Makhleb [***...]
Gold:   545        SH:  0    Dex: 15    Spells: 1/15 levels left

rFire   + . .        a - staff of poison
rCold   x . .        (no shield)
rNeg    . . .        p - +0 robe of the King of the Hill {Regen+}
rPois   +            (helmet restricted)
rElec   .            G - +2 cloak
rCorr   .            (no gloves)
SInv    .            (boots unavailable)
Will    .....        (no amulet)
Stlth   ++           V - ring of fire
HPRegen 1.11/turn    u - +4 ring of protection
MPRegen 0.15/turn

%: no passive effects
@: flying quickly and evasively, quick
A: beak, talons 3, nimble flight
a: Renounce Religion, Minor Destruction, Lesser Servant of Makhleb


You were on level 11 of the Dungeon.
You worshipped Makhleb.
Makhleb was most pleased with you.
You visited 2 branches of the dungeon, and saw 12 of its levels.
You visited the Abyss 1 time.

You collected 740 gold pieces.
You spent 195 gold pieces at shops.

Inventory:

Hand Weapons
 b - a +5 spear
 y - a +4 dagger
 D - a +5 long sword of freezing
 E - a +5 war axe
 F - a +0 dagger
 X - a +1 dagger of speed
 Y - a +1 dagger of electrocution
Missiles
 e - a stone (quivered)
 i - 6 silver boomerangs
 s - 33 poisoned darts
 z - 2 boomerangs of dispersal
 P - a curare-tipped dart
 Q - 2 datura-tipped darts
 S - 7 boomerangs
Armour
 p - the +0 robe of the King of the Hill (worn) {Regen+}
   (You found it on level 3 of the Dungeon)

   Regen:     It increases your rate of health regeneration.
 x - an orb of guile
 G - a +2 cloak (worn)
Magical Staves
 a - a staff of poison (weapon)
Jewellery
 h - a ring of willpower
 m - a ring of see invisible
 u - a +4 ring of protection (right hand)
 A - a +4 ring of slaying
 L - a ring of resist corrosion
 M - a ring of willpower
 V - a ring of fire (left hand)
Wands
 C - a wand of polymorph (18)
 K - a wand of paralysis (14)
 N - a wand of iceblast (12)
 R - a wand of quicksilver (18)
Scrolls
 c - 2 scrolls of poison
 d - a scroll of fear
 l - a scroll of acquirement {unknown}
 n - 2 scrolls of vulnerability
 o - a scroll of enchant armour
 q - a scroll of amnesia {unknown}
 t - 3 scrolls of immolation
 B - a scroll of enchant weapon {unknown}
 I - a scroll of torment {unknown}
Potions
 f - 2 potions of curing
 g - a potion of magic
 j - 3 potions of mutation
 k - 3 potions of ambrosia
 v - 3 potions of attraction
 w - 2 potions of lignification
 H - a potion of cancellation
 J - 3 potions of flight
 T - a potion of brilliance
 U - a potion of degeneration
 W - a potion of haste


   Skills:
 + Level 5.8 Fighting
 + Level 6.9 Dodging
 - Level 2.0 Stealth
 - Level 2.0 Spellcasting
 + Level 11.8 Conjurations
 - Level 5.0 Hexes
 - Level 2.0 Transmutations
 * Level 14.2 Fire Magic
 - Level 1.0 Evocations


You had one spell level left.
You knew the following spells:

 Your Spells              Type           Power      Damage    Failure   Level
a - Foxfire               Conj/Fire      100%       2x1d9     1%          1
b - Scorch                Fire           100%       2d9       1%          2
c - Inner Flame           Hex/Fire       59%        N/A       1%          3
d - Volatile Blastmotes   Fire/Tloc      96%        2d18      2%          3
e - Fireball              Conj/Fire      35%        3d15      1%          5

Your spell library contained the following spells:

 Spells                   Type           Power      Damage    Failure   Level
 Flame Wave               Conj/Fire      71%        2d16      1%          4
 Tukima's Dance           Hex            23%        N/A       5%          3
 Mephitic Cloud           Conj/Pois/Air  28%        N/A       9%          3
 Starburst                Conj/Fire      35%        6d10      11%         6
 Portal Projectile        Hex/Tloc       24%        N/A       16%         3
 Poisonous Vapours        Pois/Air       6%         N/A       22%         2
 Call Canine Familiar     Summ           2%         N/A       41%         3
 Leda's Liquefaction      Hex/Erth       6%         N/A       45%         4
 Freezing Cloud           Conj/Ice/Air   9%         6-21      63%         5
 Plasma Beam              Fire/Air       24%        2x1d39    77%         6
 Blade Hands              Tmut           5%         N/A       87%         5


Dungeon Overview and Level Annotations

Branches:
Dungeon (11/15)            Temple (0/1) D:7            Lair (1/5) D:10
    Orc (0/2) D:11

Altars:
Cheibriados
Elyvilon
Kikubaaqudgha
Makhleb
Nemelex Xobeh
Qazlal
Trog
Uskayaw
Wu Jian
Xom
Yredelemnul

Shops:
D:7 =

Annotations:
D:2 exclusion: downstairs
D:4 exclusion: downstairs
D:6 2 runed translucent doors, exclusion: downstairs
D:7 exclusion: downstairs
D:8 1 runed translucent door, Babbit's ghost, journeyman MiFi


Innate Abilities, Weirdness & Mutations

You have a beak for a mouth.
You have claws for feet.
Your magical nature lets you fly swiftly and evasively.


Message History

The boulder beetle is moderately wounded.
Casting: Fireball (dangerous; 1% risk of failure)
Confirm with . or Enter, or press ? or * to list all spells.
You don't have enough magic to cast this spell.
Unknown command.
Casting: Fireball (dangerous; 1% risk of failure)
Confirm with . or Enter, or press ? or * to list all spells.
You can't see any susceptible monsters within range! (Use Z to cast anyway.) Unknown command.
Casting: Fireball (dangerous; 1% risk of failure)
Confirm with . or Enter, or press ? or * to list all spells.
You feel a surge of power!
You conjure some foxfire!
Casting: Foxfire (safe; 1% risk of failure)
Confirm with . or Enter, or press ? or * to list all spells.
Okay, then.
Casting: Foxfire (safe; 1% risk of failure)
Confirm with . or Enter, or press ? or * to list all spells.
You feel a surge of power!
Flames lash the boulder beetle but do no damage.
The foxfire hits the boulder beetle but does no damage.
The boulder beetle is moderately wounded.
The foxfire hits the boulder beetle.
Flame seeps out of the boulder beetle.
The boulder beetle is heavily wounded.
The boulder beetle is engulfed in blazing flames.
Flame seeps out of the boulder beetle.
The boulder beetle hits you!!!
Ouch! That really hurt!
* * * LOW HITPOINT WARNING * * *
The boulder beetle stops rolling and uncurls.
Items here: ) [.
Okay, then.
The boulder beetle curls into a ball and begins rolling!
Unknown command.
Casting: Scorch (safe; 1% risk of failure)
Confirm with . or Enter, or press ? or * to list all spells.
You don't have enough magic to cast this spell.
Unknown command.
Okay, then.
The boulder beetle hits you!!!
Ouch! That really hurt!
You die...

............▒▒...........▒▒▒.....
............▒.............▒▒.▒...
▒......▒▒▒....8....>....8..▒.▒.▒▒
▒..▒▒▒.▒ ▒.▒▒................▒.▒▒
...▒▒▒.▒▒▒.▒▒▒...........▒ ▒. ▒
...........▒▒▒.....8.....▒ ...
...▒▒▒.......▒▒▒▒..)%.▒▒▒▒ ▒▒
▒.▒▒▒▒..▒▒▒▒▒.▒.▒...▒▒▒.▒▒▒▒▒ ...
▒.......▒▒......Q▒.▒))......▒▒▒▒▒
▒▒▒▒▒▒▒.▒▒.......B☼▒.▒▒).......▒
▒.▒▒.▒▒.▒▒.▒.0.....▒▒.▒▒.▒
▒.......▒▒.▒▒▒.▒▒▒.▒▒.▒..▒
▒▒▒▒.▒▒........▒ ▒.▒▒....▒
▒.▒▒▒▒▒.▒▒▒.▒ ▒.▒▒▒▒..▒
▒...▒▒▒.▒▒▒.▒▒▒.......▒
▒..............▒▒▒▒▒.▒▒
▒▒▒.▒▒▒▒.......▒▒▒▒▒.▒▒▒


You could see a boulder beetle (rolling, inner flame).

Vanquished Creatures
  Josephine (D:10)
  Erolcha (D:10)
  Erica (D:11)
  A two-headed ogre (D:8)
  Pikel (D:5)
  A manticore (D:11)
  A cyclops (D:11)
  A komodo dragon (D:10)
  2 trolls
  2 hornets (D:9)
  Prince Ribbit (D:6)
  Grinder (D:6)
  2 shadows
  3 wraiths
  A wyvern (D:9)
  12 yaks
  2 steam dragons
  Eustachio (D:5)
  Grum (D:10)
  2 acid dragons
  2 water moccasins
  Edmund (D:5)
  4 ice beasts
  3 orc warriors
  An ogre (D:5)
  A black bear (D:6)
  4 wolves (D:10)
  2 lemures (D:5)
  5 centaurs
  2 kobold brigands (D:8)
  3 necrophages (D:4)
  2 scorpions
  19 wights
  2 water moccasin zombies (D:4)
  21 killer bees
  A centaur zombie (D:4)
  3 howler monkeys
  A human zombie (D:4)
  A bullfrog zombie (D:4)
  4 jellies
  An orc priest (D:3)
  4 hounds
  9 orc wizards
  Terence (D:3)
  2 scorpion zombies (D:4)
  4 iguanas
  2 mummies (D:4)
  8 adders
  A shadow imp (D:7)
  3 worms
  2 dart slugs
  30 orcs
  9 endoplasms
  5 giant cockroaches
  6 hobgoblins
  8 jackals
  17 kobolds
  2 quokkas
  4 ball pythons
  3 bats
  6 frilled lizards
  10 goblins
  7 rats
  A spectral orc (D:10)
265 creatures vanquished.

Vanquished Creatures (others)
  493 foxfires
493 creatures vanquished.

Grand Total: 758 creatures vanquished

Notes
Turn   | Place    | Note
-------+----------+-------------------------------------------
     0 | D:1      | shmup the Tengu Fire Elementalist began the quest for the
                  | Orb.
     0 | D:1      | Reached XP level 1. HP: 10/10 MP: 4/4
   119 | D:1      | Found a faded altar of an unknown god.
   217 | D:1      | Reached XP level 2. HP: 15/15 MP: 4/6
   647 | D:1      | Reached skill level 4 in Fire Magic
   749 | D:1      | Learned a level 2 spell: Scorch
   948 | D:1      | Reached XP level 3. HP: 19/19 MP: 4/7
  1855 | D:2      | Reached XP level 4. HP: 24/24 MP: 6/8
  2286 | D:3      | Identified the +0 robe of the King of the Hill {Regen+}
  2317 | D:3      | Noticed Terence
  2319 | D:3      | Reached skill level 5 in Fire Magic
  2345 | D:3      | Found a burning altar of Makhleb.
  2505 | D:3      | Gained mutation: Your magical nature lets you fly swiftly
                  | and evasively. [Tengu growth]
  2505 | D:3      | Reached XP level 5. HP: 28/28 MP: 5/9
  2559 | D:3      | Killed Terence
  2965 | D:3      | Found a snail-covered altar of Cheibriados.
  3283 | D:3      | Reached skill level 6 in Fire Magic
  3315 | D:3      | Found a bloodstained altar of Trog.
  3404 | D:3      | Reached XP level 6. HP: 32/32 MP: 5/10
  3460 | D:3      | Became a worshipper of Makhleb the Destroyer
  4209 | D:4      | Reached skill level 5 in Conjurations
  4272 | D:4      | Found an ancient bone altar of Kikubaaqudgha.
  4297 | D:4      | Reached skill level 7 in Fire Magic
  4390 | D:4      | Reached XP level 7. HP: 36/36 MP: 4/11
  4674 | D:4      | Reached skill level 8 in Fire Magic
  5535 | D:5      | Entered Level 5 of the Dungeon
  5639 | D:5      | Noticed Eustachio
  5645 | D:5      | Killed Eustachio
  5645 | D:5      | Reached * piety under Makhleb
  5646 | D:5      | Reached XP level 8. HP: 31/41 MP: 0/12
  5813 | D:5      | Reached skill level 9 in Fire Magic
  6021 | D:5      | Reached skill level 1 in Hexes
  6333 | D:5      | Noticed Edmund
  6356 | D:5      | Killed Edmund
  6418 | D:5      | Learned a level 3 spell: Inner Flame
  6577 | D:5      | Found a faded altar of an unknown god.
  6577 | D:5      | Found a white marble altar of Elyvilon.
  6583 | D:5      | Found a sparkling altar of Nemelex Xobeh.
  6585 | D:5      | Found a faded altar of an unknown god.
  6586 | D:5      | Found an ornate altar of the Wu Jian Council.
  6722 | D:5      | Noticed Pikel
  6872 | D:5      | Killed Pikel
  6873 | D:5      | Reached skill level 10 in Fire Magic
  6873 | D:5      | Reached XP level 9. HP: 45/45 MP: 3/13
  7044 | D:6      | Found a stormy altar of Qazlal.
  7130 | D:6      | Found a large runed translucent door.
  7132 | D:6      | Found a large runed translucent door.
  7170 | D:6      | Noticed Grinder
  7324 | D:6      | Killed Grinder
  7493 | D:6      | Reached skill level 1 in Transmutations
  7656 | D:6      | Noticed Prince Ribbit
  7670 | D:6      | Killed Prince Ribbit
  7768 | D:6      | Reached skill level 11 in Fire Magic
  8723 | D:7      | Reached ** piety under Makhleb
  8962 | D:7      | Found Seduxogg's Jewellery Shop.
  8967 | D:7      | Bought a ring of see invisible for 195 gold pieces
  9012 | D:7      | Reached XP level 10. HP: 51/51 MP: 10/14
  9199 | D:7      | Reached skill level 1 in Fighting
 10160 | D:7      | Found a staircase to the Ecumenical Temple.
 10189 | D:7      | Learned a level 3 spell: Volatile Blastmotes
 10301 | D:8      | Reached skill level 5 in Hexes
 10456 | D:8      | Noticed a two-headed ogre
 10461 | D:8      | Killed a two-headed ogre
 10552 | D:8      | Found a hide-covered altar of Uskayaw.
 10585 | D:8      | Found a runed translucent door.
 10585 | D:8      | Noticed Babbit's ghost (journeyman MiFi)
 10624 | D:8      | Reached skill level 12 in Fire Magic
 10785 | D:8      | Found a shimmering altar of Xom.
 11417 | D:9      | Reached skill level 10 in Conjurations
 11858 | D:9      | Reached XP level 11. HP: 50/60 MP: 6/15
 12115 | D:9      | Reached skill level 5 in Dodging
 12367 | D:9      | Learned a level 5 spell: Fireball
 12435 | D:9      | Reached *** piety under Makhleb
 12956 | D:9      | Reached skill level 13 in Fire Magic
 13174 | D:10     | Entered Level 10 of the Dungeon
 13186 | D:10     | Noticed Erolcha
 13187 | Abyss:1  | Cast into level 1 of the Abyss (Erolcha)
 13200 | Abyss:1  | Found a stormy altar of Qazlal.
 13209 | D:10     | Escaped the Abyss
 13304 | D:10     | Noticed Grum
 13352 | D:10     | Killed Erolcha
 13665 | D:10     | Noticed Josephine
 13745 | D:10     | Killed Josephine
 13959 | D:10     | Found a staircase to the Lair.
 13984 | D:10     | Found a basalt altar of Yredelemnul.
 14175 | D:10     | Reached skill level 5 in Fighting
 14314 | D:10     | Killed Grum
 15146 | Lair:1   | Entered Level 1 of the Lair of Beasts
 15216 | D:11     | Noticed a cyclops
 15223 | D:11     | Killed a cyclops
 15224 | D:11     | Reached skill level 1 in Evocations
 15228 | D:11     | Noticed Erica
 15411 | D:11     | Noticed a boulder beetle
 15550 | D:11     | Killed Erica
 15551 | D:11     | Reached skill level 14 in Fire Magic
 15584 | D:11     | Reached XP level 12. HP: 50/68 MP: 0/16
 16268 | D:11     | Found a staircase to the Orcish Mines.
 16504 | D:11     | Slain by a boulder beetle

Illustrated notes

Levels and vault maps discovered:
D:1:      amcnicky_arrival_feature_with_door, layout_loops_ring,
          hellmonk_ecumenical_altar_run_dry
D:2:      layout_loops_ring
D:3:      layout_basic, lemuel_tele_altar, lightli_temple_of_fire,
          marbit_many_paths, chequers_serial_rivers_small_a,
          hangedman_abyss_or_decor_lesser_grid, uniq_terence
D:4:      layout_layer_cave, lemuel_mausoleum_altar_kikubaaqudgha,
          minmay_misc_feat_ornament
D:5:      layout_rooms, chequers_temple_overflow_minitemple,
          serial_corexii_hall, corexii_hall_statues_t, corexii_hall_statues_l,
          corexii_hall_statues_u, chequers_serial_rivers_micro_b,
          kennysheep_generic_room_3, uniq_edmund, uniq_eustachio, uniq_pikel
D:6:      layout_basic, overflow_temple_1_default, jmf_multi_god_temple2,
          portal_sewer_entry_b, uniq_grinder, uniq_prince_ribbit1
D:7:      layout_basic, minmay_temple_entry_gardened_gates, serial_shops,
          nicolae_stop_n_shop_2
D:8:      layout_rooms, mainiacjoe_overflow_small_starburst,
          lemuel_crystal_altar, hellmonk_ghost_happy_afterlife
D:9:      layout_irregular_city
D:10:     layout_roguey, yredelemnul_forgotten_temple_becter,
          david_lair_shrubbed, uniq_grum, uniq_josephine, uniq_erolcha
D:11:     layout_loops_cross, david_orc_2, uniq_erica
Lair:1:   minmay_lair_oklob_chamber, layout_chaotic_city,
          nicolae_quartered_pool_little, lemuel_fruit_fields

Skill      XL: |  1  2  3  4  5  6  7  8  9 10 11 |
---------------+----------------------------------+-----
Conjurations   | 2 3 4 5 6 8 9 10 11 | 11.8
Fire Magic     | 4 5 6 7 8 10 11 12 14 | 14.2
Hexes          | 3 4 5 |  5.0
Transmutations | 1 2 |  2.0
Fighting       | 3 5 |  5.8
Dodging        | 4 6 |  6.9
Evocations     | 1 |  1.0
Stealth        | |  2.0
Spellcasting   | |  2.0

Action                     |  1- 3 |  4- 6 |  7- 9 | 10-12 || total
---------------------------+-------+-------+-------+-------++-------
  Melee: Dagger            |    14 |    26 |       |       ||    40
         Unarmed           |     2 |       |       |       ||     2
         Kick              |     2 |     9 |    15 |     8 ||    34
         Peck              |     2 |     8 |    11 |     8 ||    29
         Spear             |       |       |    38 |    47 ||    85
         Staff             |       |       |       |     3 ||     3
  Throw: Stone             |       |     1 |     4 |       ||     5
   Cast: Foxfire           |    50 |    49 |    70 |   119 ||   288
         Scorch            |     6 |    43 |    81 |   149 ||   279
         Inner Flame       |       |       |     3 |    33 ||    36
         Volatile Blastmot |       |       |       |     2 ||     2
         Fireball          |       |       |       |    11 ||    11
 Invoke: Lesser Servant of |       |       |       |     1 ||     1
    Use: Scroll            |       |     3 |     8 |    10 ||    21
         Potion            |       |       |       |     6 ||     6
   Stab: Sleeping          |     1 |       |       |       ||     1
 Armour: Robe              |    10 |     6 |    10 |    31 ||    57
  Dodge: Dodged            |    54 |    30 |    55 |   164 ||   303
